 Dungeon Crawl Stone Soup version 0.27-a0-1217-g8a41f320e8 (webtiles) character file.

Game seed: 17665303337104767882

679729 Bnni the Slayer (level 27, 0/369 HPs)
             Began as a Demonspawn Fighter on June 6, 2021.
             Was the Champion of Okawaru.
             Succumbed to a redback's dark miasma
             ... on level 5 of the Abyss.
             The game lasted 05:16:21 (68982 turns).

Bnni the Slayer (Demonspawn Fighter)               Turns: 68982, Time: 05:16:22

Health: 0/369      AC: 44    Str: 28    XL:     27
Magic:  9/38       EV: 21    Int: 22    God:    Okawaru [******]
Gold:   9126       SH: 24    Dex: 17    Spells: 12/57 levels left

rFire    + + .     SeeInvis +   q - +9 double sword (freeze)
rCold    + . .     Faith    .   d - +3 kite shield "Kytyexty" {rPois Int+4 Slay+2}
rNeg     + . .     Spirit   +   y - +7 plate armour of the Abyss {rF+ rN+ Int+4}
rPois    +         Reflect  .   (no helmet)
rElec    .         Harm     .   R - +2 cloak {rCorr}
rCorr    +         Rampage  .   X - +2 pair of gloves "Put-Me-On" {Dex+3}
Will     ++...     Rnd*Rage +   (boots unavailable) Stlth ..........Rnd*Tele +
                                I - amulet "Ulascho" {Acrobat Fragile Regen+ SInv}
HPRegen  0.00/turn              c - ring "Boffiami" {rPois rF+ AC+4 Str+2 Stlth-}
MPRegen  0.52/turn              M - ring of Egoezux {rPois rC+ rCorr Str+6 Dex-2}

@: mighty, berserking (expiring), lethally poisoned (0 -> -35), heroic, unable
to read, badly diseased, slowed, studying 3 skills, repel missiles
A: hooves 3, repulsion field 3, icemail 2, augmentation 3, magic shield, magic
regeneration, magic link, condensation shield, berserk 1, clumsy 1,
deterioration 1, low mp 1, sense surroundings 1, teleportitis 1, inability to
read while threatened
}: 4/15 runes: decaying, slimy, silver, gossamer
a: Renounce Religion, Heroism, Finesse


You were on level 5 of the Abyss.
You worshipped Okawaru.
Okawaru was exalted by your worship.
You visited 10 branches of the dungeon, and saw 52 of its levels.
You visited the Abyss 4 times.
You also visited: Trove, Bailey, Ice Cave and Wizlab.

You collected 14253 gold pieces.
You spent 5127 gold pieces at shops.

Inventory:

Hand Weapons
 q - a +9 double sword of freezing (weapon)
 w - a +6 double sword of flaming
 F - a +0 hand crossbow of flaming
 J - a +2 hand crossbow of venom
Missiles
 e - 4 datura-tipped darts
 o - 538 bolts
 D - 11 curare-tipped darts (quivered)
 E - 20 atropa-tipped darts
Armour
 d - the +3 kite shield "Kytyexty" (worn) {rPois Int+4 Slay+2}
   (Okawaru gifted it to you on level 3 of the Depths)

   It affects your intelligence (+4).
   It affects your accuracy and damage with ranged weapons and melee attacks
   (+2).
   It protects you from poison.
 y - the +7 plate armour of the Abyss (worn) {rF+ rN+ Int+4}
   (You found it on level 3 of the Spider Nest)

   It affects your intelligence (+4).
   It protects you from fire.
   It protects you from negative energy.
 R - a +2 cloak of preservation (worn)
 X - the +2 pair of gloves "Put-Me-On" (worn) {Dex+3}
   (You found it on level 5 of the Pits of Slime)

   It affects your dexterity (+3).
Jewellery
 c - the ring "Boffiami" (left hand) {rPois rF+ AC+4 Str+2 Stlth-}
   (You found it in a treasure trove)

   [ring of protection]

   It affects your AC (+4).
   It affects your strength (+2).
   It protects you from fire.
   It protects you from poison.
   It makes you less stealthy.
 n - the ring "Viehayho" {rC+ Will+ Int+6}
   (You found it on level 5 of the Pits of Slime)

   [ring of intelligence]

   It affects your intelligence (+6).
   It protects you from cold.
   It increases your willpower.
 C - the ring of Aleshu {rElec rN+ Will- Int+4}
   (You found it on level 3 of the Crypt)

   [ring of positive energy]

   It affects your intelligence (+4).
   It insulates you from electricity.
   It protects you from negative energy.
   It decreases your willpower.
 G - the ring of Hukops {rN+ Int+4}
   (You found it on level 3 of the Crypt)

   [ring of positive energy]

   It affects your intelligence (+4).
   It protects you from negative energy.
 I - the amulet "Ulascho" (around neck) {Acrobat Fragile Regen+ SInv}
   (You took it off a deep elf annihilator on level 3 of the Elven Halls)

   [amulet of the acrobat]

   It increases your evasion while moving and waiting.
   It lets you see invisible.
   It increases your rate of health regeneration.
   It will be destroyed if unequipped.
 K - a ring of protection from fire
 L - a ring of flight
 M - the ring of Egoezux (right hand) {rPois rC+ rCorr Str+6 Dex-2}
   (You found it in a treasure trove)

   [ring of poison resistance]

   It affects your strength (+6).
   It affects your dexterity (-2).
   It protects you from cold.
   It protects you from poison.
   It protects you from acid and corrosion.
Wands
 r - a wand of digging (26)
 s - a wand of acid (42)
 u - a wand of flame (166)
 v - a wand of iceblast (84)
 A - a wand of paralysis (28)
 O - a wand of mindburst (2)
Scrolls
 a - 11 scrolls of fear
 f - 3 scrolls of magic mapping
 i - 54 scrolls of identify
 k - 9 scrolls of fog
 N - 6 scrolls of enchant armour
 P - 7 scrolls of blinking
 Q - 3 scrolls of summoning
 S - 25 scrolls of teleportation
 T - 6 scrolls of amnesia
Potions
 b - 4 potions of resistance
 h - 14 potions of heal wounds
 j - 2 potions of invisibility
 l - 22 potions of curing
 m - 9 potions of haste
 t - 6 potions of flight
 x - 9 potions of berserk rage
 B - 7 potions of might
 U - 5 potions of cancellation
Miscellaneous
 p - a condenser vane
 z - a tin of tremorstones (2/2)
 H - a box of beasts
 V - a phantom mirror
 W - a lightning rod (4/4)


   Skills:
 + Level 26.5(27) Fighting
 - Level 16.0(21.0) Long Blades
 - Level 12.0(17.0) Armour
 - Level 12.0(17.0) Dodging
 - Level 15.0(20.0) Shields
 * Level 15.6 Spellcasting
 - Level 12.0 Hexes
 * Level 19.6 Necromancy
 - Level 12.0 Translocations
 - Level 12.0 Air Magic
 - Level 8.0 Invocations


You had 12 spell levels left.
You knew the following spells:

 Your Spells              Type           Power      Damage    Failure   Level
a - Swiftness             Air            63%        N/A       1%          3
b - Blink                 Tloc           N/A        N/A       1%          2
c - Silence               Hex/Air        31%        N/A       3%          5
d - Borgnjor's Revivific  Necr           40%        N/A       36%         8
e - Death's Door          Necr           40%        N/A       99%         9
f - Manifold Assault      Tloc           63%        N/A       3%          5
g - Lesser Beckoning      Tloc           31%        N/A       1%          3
h - Teleport Other        Tloc           63%        N/A       1%          3
i - Airstrike             Air            31%        N/A       1%          4
j - Portal Projectile     Hex/Tloc       100%       N/A       1%          3

Your spell library contained the following spells:

 Spells                   Type           Power      Damage    Failure   Level
 Animate Skeleton         Necr           100%       N/A       0%          1
 Pain                     Necr           100%       1d9       0%          1
 Corona                   Hex            70%        N/A       1%          1
 Shock                    Conj/Air       100%       1d9       1%          1
 Corpse Rot               Necr/Air       N/A        N/A       1%          2
 Slow                     Hex            63%        N/A       1%          2
 Confusing Touch          Hex            63%        N/A       1%          3
 Gell's Gravitas          Tloc           31%        N/A       1%          3
 Tukima's Dance           Hex            63%        N/A       1%          3
 Vampiric Draining        Necr           40%        2d11      1%          3
 Animate Dead             Necr           40%        N/A       1%          4
 Cause Fear               Hex            31%        N/A       1%          4
 Passage of Golubria      Tloc           N/A        N/A       1%          4
 Agony                    Necr           80%        N/A       1%          5
 Ensorcelled Hibernation  Hex/Ice        86%        N/A       2%          2
 Poisonous Vapours        Pois/Air       86%        N/A       2%          2
 Static Discharge         Conj/Air       43%        N/A       2%          2
 Dazzling Flash           Conj/Hex       86%        N/A       4%          3
 Inner Flame              Hex/Fire       43%        N/A       4%          3
 Summon Guardian Golem    Hex/Summ       43%        N/A       4%          3
 Borgnjor's Vile Clutch   Necr/Erth      28%        N/A       9%          5
 Mephitic Cloud           Conj/Pois/Air  34%        N/A       11%         3
 Fulminant Prism          Conj/Hex       21%        3d13      16%         4
 Iskenderun's Mystic Bla  Conj/Tloc      43%        2d10      16%         4
 Leda's Liquefaction      Hex/Erth       21%        N/A       16%         4
 Summon Lightning Spire   Summ/Air       43%        N/A       16%         4
 Beastly Appendage        Tmut           34%        N/A       19%         1
 Foxfire                  Conj/Fire      68%        2x1d7     19%         1
 Freeze                   Ice            68%        1d8       19%         1
 Magic Dart               Conj           68%        1d6       19%         1
 Sandblast                Erth           34%        2d9       19%         1
 Sting                    Tmut/Pois      68%        1d6       19%         1
 Summon Small Mammal      Summ           68%        N/A       19%         1
 Dispersal                Tloc           31%        N/A       21%         6
 Invisibility             Hex            31%        N/A       21%         6
 Call Imp                 Summ           17%        N/A       28%         2
 Passwall                 Tmut/Erth      14%        N/A       28%         2
 Searing Ray              Conj           34%        3d4       28%         2
 Wereblood                Tmut           17%        N/A       28%         2
 Infestation              Necr           40%        N/A       36%         8
 Lightning Bolt           Conj/Air       21%        1d36      41%         5
 Metabolic Englaciation   Hex/Ice        21%        N/A       41%         5
 Summon Forest            Summ/Tloc      21%        N/A       41%         5
 Summon Mana Viper        Hex/Summ       43%        N/A       41%         5
 Yara's Violent Unravell  Hex/Tmut       21%        3d10      41%         5
 Simulacrum               Ice/Necr       28%        N/A       45%         6
 Call Canine Familiar     Summ           17%        N/A       50%         3
 Conjure Flame            Conj/Fire      17%        6-21      50%         3
 Frozen Ramparts          Ice            34%        1d5       50%         3
 Ignite Poison            Fire/Tmut/Pois 17%        N/A       50%         3
 Ozocubu's Armour         Ice            17%        N/A       50%         3
 Spider Form              Tmut/Pois      8%         N/A       50%         3
 Stone Arrow              Conj/Erth      34%        3d9       50%         3
 Animate Armour           Summ/Erth      34%        N/A       88%         4
 Hailstorm                Conj/Ice       17%        3d6       88%         4
 Ice Form                 Ice/Tmut       17%        N/A       88%         4
 Olgreb's Toxic Radiance  Pois           17%        N/A       88%         4
 Petrify                  Tmut/Erth      17%        N/A       88%         4
 Sticky Flame             Conj/Fire      17%        2d4       88%         4
 Summon Ice Beast         Ice/Summ       17%        N/A       88%         4
 Conjure Ball Lightning   Conj/Air       21%        3x3d6     94%         6
 Haunt                    Necr/Summ      28%        N/A       95%         7
 Bolt of Magma            Conj/Fire/Erth 8%         4d6       99%         5
 Fireball                 Conj/Fire      8%         3d6       99%         5
 Hydra Form               Tmut           8%         N/A       99%         5
 Iskenderun's Battlesphe  Conj           17%        2d7       99%         5
 Lee's Rapid Deconstruct  Erth           8%         3d8*      99%         5
 Freezing Cloud           Conj/Ice/Air   17%        6-21      99%         6
 Iron Shot                Conj/Erth      8%         9d3       100%        6
 Shadow Creatures         Summ           N/A        N/A       100%        6
 Starburst                Conj/Fire      8%         8x6d4     100%        6
 Statue Form              Tmut/Erth      11%        N/A       100%        6
 Malign Gateway           Summ/Tloc      21%        N/A       100%        7
 Monstrous Menagerie      Summ           8%         N/A       100%        7
 Orb of Destruction       Conj           8%         9d4       100%        7
 Ozocubu's Refrigeration  Ice            8%         4d6       100%        7
 Spellforged Servitor     Conj/Summ      8%         N/A       100%        7
 Summon Hydra             Summ           8%         N/A       100%        7
 Ignition                 Fire           8%         3d5       100%        8
 Necromutation            Tmut/Necr      28%        N/A       100%        8
 Summon Horrible Things   Summ           8%         N/A       100%        8
 Shatter                  Erth           8%         3d10*     100%        9
 Tornado                  Air            31%        N/A       100%        9


Dungeon Overview and Level Annotations

Branches:
Dungeon (15/15)            Temple (0/1) D:7            Lair (6/6) D:11
  Swamp (4/4) Lair:2       Spider (4/4) Lair:3        Slime (5/5) Lair:5
    Orc (2/2) D:12            Elf (3/3) Orc:2        Vaults (5/5) D:14
  Crypt (3/3) Vaults:2       Tomb (0/3) Crypt:3      Depths (5/5) D:15
    Zot (0/5) Depths:5     Bailey (visited)           IceCv (visited)
 WizLab (visited)

Altars:
Elyvilon
Fedhas
Kikubaaqudgha
Nemelex Xobeh
Okawaru
Trog
Uskayaw
Vehumet
Beogh
Jiyva

Shops:
D:7 !   D:12 [   Orc:2 [(::   Elf:3 !   Vaults:1 (   Depths:1 =:=   Depths:4 *
Depths:5 ?

Portals:
Hell: Depths:1 Depths:2 Depths:3 Depths:4 Depths:5
Abyss: Depths:1 Depths:2 Depths:4
Pandemonium: Depths:1 Depths:2 Depths:3 Depths:4 Depths:5
Ziggurat: Depths:2

Annotations:
Abyss:5 1 transporter


Innate Abilities, Weirdness & Mutations

You have hooves in place of feet.
You are surrounded by a strong repulsion field. (EV +4, RMsl)
A meltable icy envelope protects you from harm. (AC +8)
Your magical and physical power is greatly enhanced at high health.
When hurt, damage is shared between your health and your magic reserves.
You regenerate magic rapidly.
When low on magic, you restore magic in place of health.
A meltable shield of frost defends you. (SH +4)
You tend to lose your temper in combat.
You are clumsy. (Dex -2)
Your body sometimes deteriorates upon taking damage.
Your magical capacity is low. (-10% MP)
You passively map a small area around you.
You are occasionally teleported next to monsters.
You sometimes lose the ability to read scrolls when taking damage.


Message History

You block the chaos spawn's attack.
You slash the chaos spawn! You freeze the chaos spawn.
Your kick misses the chaos spawn.
The chaos spawn is severely wounded.
You are engulfed in dark miasma.
You are more poisoned.
* * * LOW HITPOINT WARNING * * *
You feel extremely sick. You block the chaos spawn's attack.
You are too berserk!
You slice the chaos spawn!! You freeze the chaos spawn.
You kill the chaos spawn!
Okawaru accepts your kill.
The chaos spawn degenerates into a cloud of primal chaos!
* * * LOW HITPOINT WARNING * * *
You feel extremely sick.
You block the large abomination's attack.
You slice the large abomination!! You freeze the large abomination!
You kick the large abomination, but do no damage.
The large abomination is almost destroyed.
* * * LOW HITPOINT WARNING * * *
You feel extremely sick.
You slice the starcursed mass!! You freeze the starcursed mass.
You destroy the starcursed mass!
Okawaru accepts your kill.
* * * LOW HITPOINT WARNING * * *
You feel extremely sick.
The redback changes into a wind drake!
You block the large abomination's attack.
You slice the large abomination!! You freeze the large abomination.
You destroy the large abomination!
Okawaru accepts your kill.
* * * LOW HITPOINT WARNING * * *
You feel very sick. You block the starcursed mass's attack.
A starcursed mass splits.
You block the ufetubus's attack. x2
You slash the starcursed mass! You freeze the starcursed mass.
You destroy the starcursed mass!
Okawaru accepts your kill.
You die...

## ! #... ##."
#..##u##.. . #
..### X
....35X##
#...5 #..W.t#
##...kX#
..*©xX5##
#...###X5@# #
...##©##..#
#©..##..X##...
#. #...##..##
# #.....####
## . . .# #.


You could see 3 starcursed masses, a white very ugly thing, a wind drake shaped
shifter, an apocalypse crab, a large abomination, a ynoxinul, a wraith, a small
abomination, 3 ufetubi and a lurking horror.

Vanquished Creatures
  the Royal Jelly (Slime:5)
  3 dread liches
  Khufu (Crypt:3)
  An ancient lich (Vaults:5)
  2 juggernauts
  A royal mummy (Crypt:3)
  Boris (twice) (Crypt:3 Vaults:5)
  Bai Suzhen (Swamp:4)
  Frederick (Vaults:5)
  Saint Roka (Orc:2)
  4 golden dragons
  8 bone dragons
  Jorgrun (Spider:1)
  7 tentacled monstrosities
  8 liches
  Asterion (Depths:1)
  2 deep elf blademasters (Elf:3)
  3 quicksilver dragons
  A titan (Depths:3)
  21 acid blobs
  2 Executioners (Abyss:5)
  5 sphinxes
  2 ancient champions
  2 deep elf master archers (Elf:3)
  10 tentacled starspawn
  Frances (D:12)
  Gastronok (Lair:3)
  An eldritch tentacle (WizLab)
  8 shadow dragons
  4 thorn hunters
  A storm dragon (Vaults:4)
  11 rockslimes
  16 tengu reavers
  A draconian monk (Depths:5)
  The ghost of Esebbu the Spear-Bearer, an adept DsAK of Lugonu (Swamp:2)
  An azure jelly (shapeshifter) (Vaults:5)
  A fenstrider witch (Swamp:1)
  3 revenants
  6 azure jellies
  An iron dragon (shapeshifter) (Vaults:5)
  6 fire giants
  A draconian knight (Depths:5)
  3 orc warlords
  9 emperor scorpions
  11 vault wardens
  4 iron dragons
  3 ghost moths (Spider:4)
  8 deep elf sorcerers
  17 frost giants
  2 reapers
  Aizul (Depths:3)
  An angel (Abyss:5)
  A cacodemon (Abyss:2)
  6 deep elf elementalists
  Louise (Elf:1)
  A curse skull (Crypt:3)
  2 spriggan defenders
  12 ironbound preservers
  7 ghouls
  23 stone giants
  9 quicksilver oozes
  49 very ugly things
  A green draconian (Depths:5)
  7 war gargoyles
  8 deep elf demonologists
  A black draconian (Depths:5)
  7 vampire knights
  2 bunyips
  Azrael (Orc:2)
  Nessos (Orc:2)
  A white draconian (Depths:5)
  7 dire elephants
  3 red draconians
  A lorocyproca (Abyss:2)
  2 yellow draconians (Depths:5)
  5 deep elf annihilators (Elf:3)
  3 entropy weavers
  12 spark wasps
  An entropy weaver (shapeshifter) (Abyss:5)
  4 eidola
  A crystal guardian (Vaults:4)
  11 ettins
  A green death (Abyss:5)
  8 deep elf death magi
  6 eleionomae
  7 jiangshi
  17 fire dragons
  2 quicksilver dragon zombies
  A shambling mangrove (Swamp:2)
  8 ironbound thunderhulks
  23 yaktaur captains
  15 great orbs of eyes
  6 rakshasas
  9 ice dragons
  29 vault guards
  10 deep elf high priests
  23 hydras
  7 spriggan air magi
  2 peacekeepers
  A hell beast (Depths:3)
  3 ghost crabs
  3 boulder beetles
  A death knight (Abyss:2)
  2 catoblepae (Lair:6)
  8 ironbound frosthearts
  12 two-headed ogres
  2 ogre magi
  8 alligators
  A fenstrider witch skeleton (Crypt:2)
  11 deep troll shamans
  8 centaur warriors
  28 dancing weapons
  12 death yaks
  10 tengu warriors
  13 spriggan berserkers
  A spectral dire elephant (Lair:6)
  13 deep troll earth magi
  A hell hog (Depths:4)
  2 ironbound beastmasters
  5 vampire magi
  4 orc high priests
  5 soul eaters
  3 hell knights
  2 titan zombies
  24 thrashing horrors
  4 sun demons
  A storm dragon zombie (Crypt:1)
  27 deep elf knights
  A salamander mystic (Depths:4)
  3 sixfirhies
  2 shadow wraiths
  6 wretched stars
  2 titan skeletons (Crypt:3)
  15 iron trolls
  34 skeletal warriors
  7 spriggan druids
  A goliath frog (shapeshifter) (Depths:3)
  A golden dragon zombie (Abyss:5)
  7 spatial maelstroms
  5 goliath frogs
  A spectral anaconda (Lair:6)
  3 glowing orange brains
  A storm dragon skeleton (Crypt:3)
  2 obsidian statues
  7 flayed ghosts
  4 spectral spriggans (Swamp:2)
  12 bog bodies
  A shadow demon (Abyss:5)
  65 deep trolls
  9 wizards
  13 swamp dragons
  2 lindwurms (Vaults:3)
  An iron giant skeleton (Crypt:1)
  9 ironbound convokers
  22 deep elf archers
  16 harpies
  7 necromancers
  A shadow dragon zombie (Crypt:3)
  2 fenstrider witch simulacra (Swamp:2)
  6 phantasmal warriors
  23 deep elf pyromancers
  2 iron dragon zombies
  65 ugly things
  13 orc knights
  7 oklob plants
  26 deep elf zephyrmancers
  3 orc sorcerers
  3 moths of wrath (Spider:2)
  15 orb spiders
  27 wolf spiders
  4 will-o-the-wisps
  A cyclops (shapeshifter) (Vaults:3)
  3 manticores
  2 fauns (shapeshifter)
  2 moths of wrath (shapeshifter)
  5 cyclopes
  8 shining eyes
  5 apocalypse crabs
  An ice statue (IceCv)
  4 salamanders (Depths:4)
  8 fire giant skeletons
  7 worldbinders
  7 black mambas
  A dire elephant zombie (Lair:6)
  17 vault sentinels
  2 water nymphs (shapeshifter) (Vaults:5)
  A rust devil (Abyss:2)
  30 elephants
  5 eyes of devastation
  10 smoke demons
  5 gargoyles
  13 cane toads
  Joseph (D:7)
  3 orange demons
  A dire elephant skeleton (Lair:6)
  2 unseen horrors
  Psyche (D:9)
  4 rime drakes
  A shock serpent skeleton (Crypt:1)
  3 torpor snails
  A rime drake (shapeshifter) (D:15)
  26 yaktaurs
  2 hellions
  An efreet (D:15)
  3 ice devils
  2 komodo dragons
  12 demonic crawlers
  5 freezing wraiths
  2 tormentors
  10 ancient zymes
  2 hydra zombies (Crypt:3)
  A silent spectre (Abyss:5)
  6 tengu conjurers
  4 hellwings
  6 tyrant leeches
  3 guardian mummies (Crypt:1)
  13 trolls
  A wind drake (shapeshifter) (Abyss:2)
  A green draconian skeleton (Crypt:1)
  18 jumping spiders
  21 polar bears
  6 hornets
  Prince Ribbit (D:5)
  28 blink frogs
  58 slime creatures
  2 spectral elephants (Lair:6)
  A harpy skeleton (Abyss:2)
  28 raiju
  15 flying skulls
  6 ynoxinuls
  A tarantella (shapeshifter) (Depths:3)
  30 tarantellas
  93 redbacks
  2 spriggans (Swamp:1)
  3 wyverns
  55 yaks
  An ice dragon skeleton (Abyss:3)
  6 shadows
  11 fire dragon skeletons (Crypt:3)
  5 air elementals
  Sigmund (D:4)
  7 vampires (Crypt:3)
  18 wraiths
  A black mamba skeleton (Crypt:3)
  4 fire bats (Depths:4)
  5 basilisks
  5 water elementals
  A golden eye (shapeshifter) (Depths:5)
  5 golden eyes (Abyss:5)
  13 neqoxecs
  4 spriggan simulacra (Swamp:2)
  3 steam dragons
  6 fire elementals
  37 large abominations
  A death yak simulacrum (Lair:6)
  Grum (D:9)
  11 wargs
  10 chaos spawn
  7 spectral cane toads (Lair:6)
  A torturous demonspawn zombie (Crypt:1)
  17 vampire mosquitoes
  13 spatial vortices
  Edmund (D:5)
  A swamp worm (shapeshifter) (Vaults:5)
  A death drake simulacrum (Swamp:2)
  14 swamp worms
  20 water moccasins
  A cane toad zombie (Crypt:1)
  A hydra simulacrum (Abyss:5)
  4 floating eyes
  10 hell hounds
  Duvessa (D:6)
  2 acid dragons
  A torturous demonspawn skeleton (WizLab)
  14 small abominations
  A hornet zombie (D:15)
  45 orc warriors
  2 sky beasts
  37 starcursed masses (Abyss:5)
  8 swamp drakes (Swamp:4)
  An infernal demonspawn skeleton (Crypt:1)
  The ghost of glosham the Skirmisher, an amateur DjDe (D:9)
  An alligator simulacrum (Crypt:1)
  4 necrophages
  8 ogres
  40 wolves
  2 elephant skeletons (Lair:6)
  4 elephant zombies (Lair:6)
  5 boggarts (D:14)
  8 centaurs
  A rime drake zombie (Crypt:1)
  A phantom (D:5)
  A manticore skeleton (Crypt:1)
  A kobold brigand (D:7)
  9 bullfrogs
  A bullfrog (shapeshifter) (Elf:2)
  8 scorpions
  3 earth elementals (Elf:2)
  2 gnoll sergeants (D:7)
  Dowan (D:6)
  A cane toad simulacrum (Crypt:1)
  2 water moccasin skeletons
  5 wights (D:10)
  3 killer bees (D:8)
  A raiju skeleton (WizLab)
  4 electric eels
  5 howler monkeys
  4 quasits
  5 centaur zombies
  4 human zombies
  A wolf skeleton (Crypt:2)
  2 bullfrog skeletons
  2 hounds
  5 jellies
  Crazy Yiuf (D:7)
  4 centaur skeletons
  22 orc priests
  3 human skeletons
  3 iron imps (Abyss:2)
  4 iguanas
  25 orc wizards
  A deep dwarf skeleton (Crypt:2)
  A hound skeleton (D:4)
  5 mummies
  A howler monkey zombie (D:5)
  4 gnolls (D:7)
  13 adders
  A white imp (Abyss:2)
  2 ufetubi
  3 dart slugs
  3 worms
  107 orcs
  9 ball pythons
  7 endoplasms
  6 giant cockroaches
  9 goblins
  4 hobgoblins (D:1)
  4 jackals (D:2)
  7 quokkas
  4 bats
  4 frilled lizards
  A goblin zombie (Crypt:2)
  12 kobolds
  8 rats
  A briar patch (Swamp:2)
  3 lurking horrors (Abyss:5)
  12 starspawn tentacles
2669 creatures vanquished.

Vanquished Creatures (others)
  2 fire giants
  A war gargoyle (Vaults:5)
  A very ugly thing (Vaults:5)
  A deep troll earth mage (Vaults:5)
  A deep elf knight (Elf:1)
  A spriggan druid (Swamp:1)
  A goliath frog (Swamp:4)
  A wizard (D:15)
  2 deep elf zephyrmancers (Elf:1)
  A vault sentinel (Vaults:5)
  A bloated husk (Swamp:4)
  A jumping spider (Spider:3)
  A hornet (Swamp:1)
  A shadow (Crypt:3)
  A spriggan (Swamp:1)
  A golden eye (Abyss:5)
  A spatial vortex (Abyss:5)
  A small abomination (Abyss:5)
  An orc priest (Elf:1)
  3 orcs (Vaults:5)
  12 foxfires
  13 fungi
  A lurking horror (Abyss:2)
  30 plants
  27 starspawn tentacles
  25 withered plants
132 creatures vanquished.

Grand Total: 2801 creatures vanquished

Notes
Turn   | Place    | Note
-------+----------+-------------------------------------------
     0 | D:1      | Bnni the Demonspawn Fighter began the quest for the Orb.
     0 | D:1      | Reached XP level 1. HP: 18/18 MP: 1/1
   264 | D:1      | Gained mutation: A meltable shield of frost defends you.
                  | (SH +4) [demonic ancestry]
   264 | D:1      | Reached XP level 2. HP: 24/24 MP: 2/2
   871 | D:1      | Reached XP level 3. HP: 29/29 MP: 3/3
  2094 | D:2      | Gained mutation: You regenerate magic rapidly. [demonic
                  | ancestry]
  2094 | D:2      | Reached XP level 4. HP: 26/37 MP: 4/4
  2608 | D:2      | Reached skill level 4 in Fighting
  2648 | D:2      | Reached XP level 5. HP: 14/42 MP: 5/5
  3164 | D:2      | Found a faded altar of an unknown god.
  3923 | D:3      | Reached XP level 6. HP: 45/49 MP: 6/6
  4014 | D:4      | Reached skill level 5 in Long Blades
  4303 | D:4      | Noticed Sigmund
  4316 | D:4      | Killed Sigmund
  4317 | D:4      | Reached skill level 5 in Fighting
  4429 | D:4      | Reached XP level 7. HP: 15/56 MP: 7/7
  4693 | D:4      | Identified the +5 rapier of Gozag's Condemnation
                  | {antimagic, Fly rC+ rCorr Dex+4}
  5237 | D:5      | Entered Level 5 of the Dungeon
  5767 | D:5      | Noticed Prince Ribbit
  5786 | D:5      | Killed Prince Ribbit
  5787 | D:5      | Reached skill level 6 in Fighting
  5787 | D:5      | Reached XP level 8. HP: 53/64 MP: 2/8
  6301 | D:5      | Found a hide-covered altar of Uskayaw.
  6303 | D:5      | Noticed Edmund
  6335 | D:5      | Killed Edmund
  6336 | D:5      | Reached skill level 7 in Fighting
  6785 | D:6      | Found a radiant altar of Vehumet.
  6785 | D:6      | Found an iron altar of Okawaru.
  6789 | D:6      | Found a bloodstained altar of Trog.
  6790 | D:6      | Found a sparkling altar of Nemelex Xobeh.
  6794 | D:6      | Became a worshipper of Warmaster Okawaru
  6935 | D:6      | Identified the +1 leather armour of the Known World {rN+}
  7052 | D:6      | Noticed a gargoyle
  7067 | D:6      | Killed a gargoyle
  7067 | D:6      | Reached * piety under Okawaru
  7068 | D:6      | Gained mutation: You are surrounded by a mild repulsion
                  | field. (EV +2) [demonic ancestry]
  7068 | D:6      | Reached XP level 9. HP: 51/72 MP: 3/9
  7337 | D:6      | Noticed Duvessa
  7337 | D:6      | Noticed Dowan
  7359 | D:6      | Killed Duvessa
  7362 | D:6      | Killed Dowan
  8342 | D:7      | Found Haimo's Distillery.
  8342 | D:7      | Noticed a two-headed ogre
  8388 | D:7      | Killed a two-headed ogre
  8389 | D:7      | Reached skill level 8 in Fighting
  8389 | D:7      | Reached skill level 10 in Long Blades
  8530 | D:7      | Bought a potion of heal wounds for 65 gold pieces
  8530 | D:7      | Bought a potion of invisibility for 104 gold pieces
  8530 | D:7      | Bought a potion of haste for 130 gold pieces
  8647 | D:7      | Bought a potion of might for 52 gold pieces
  9170 | D:7      | Noticed Joseph
  9186 | D:7      | Killed Joseph
  9186 | D:7      | Reached ** piety under Okawaru
  9504 | D:7      | Found a staircase to the Ecumenical Temple.
  9600 | D:7      | Reached XP level 10. HP: 57/82 MP: 3/10
  9614 | D:7      | Reached skill level 9 in Fighting
  9627 | D:7      | Identified the +4 falchion of Bodily Harmony {protect,
                  | rElec Int+4 Stlth-}
  9954 | D:7      | Found a runed translucent door.
  9955 | D:7      | Noticed Crazy Yiuf
  9965 | D:7      | Killed Crazy Yiuf
 11000 | D:8      | Reached *** piety under Okawaru
 12481 | D:9      | HP: 3/85 [orc wizard/magic dart (6)]
 12848 | D:9      | Noticed Psyche
 12867 | D:9      | Killed Psyche
 12867 | D:9      | Reached **** piety under Okawaru
 12868 | D:9      | Reached skill level 10 in Fighting
 13182 | D:9      | Noticed Grum
 13219 | D:9      | Killed Grum
 13220 | D:9      | Gained mutation: When hurt, damage is shared between your
                  | health and your magic reserves. [demonic ancestry]
 13220 | D:9      | Reached XP level 11. HP: 60/90 MP: 11/11
 13355 | D:9      | Found a runed translucent door.
 13355 | D:9      | Noticed glosham's ghost (amateur DjDe)
 13371 | D:9      | Killed glosham's ghost
 13895 | D:10     | Entered Level 10 of the Dungeon
 14060 | D:10     | Found a flagged portal.
 14123 | Bailey   | Entered a bailey
 14123 | Bailey   | Noticed an orc knight
 14123 | Bailey   | Noticed an orc knight
 14225 | Bailey   | Noticed an orc knight
 14289 | Bailey   | Killed an orc knight
 14704 | Bailey   | Killed an orc knight
 15019 | Bailey   | Killed an orc knight
 15357 | Bailey   | Noticed an orc knight
 15401 | Bailey   | Killed an orc knight
 15401 | Bailey   | Reached ***** piety under Okawaru
 15506 | D:10     | Reached skill level 1 in Invocations
 15639 | D:10     | Noticed a two-headed ogre
 15684 | D:10     | Killed a two-headed ogre
 16665 | D:11     | Found a portal to a secret trove of treasure.
 16726 | D:11     | Reached skill level 11 in Fighting
 16835 | D:11     | Noticed a purple ugly thing
 16839 | D:11     | Noticed a two-headed ogre
 16851 | D:11     | Killed a purple ugly thing
 16876 | D:11     | Killed a two-headed ogre
 17026 | D:11     | Noticed a two-headed ogre
 17035 | D:11     | Killed a two-headed ogre
 17047 | D:11     | Noticed an oklob plant
 17064 | D:11     | Found a staircase to the Lair.
 17064 | D:11     | Noticed an oklob plant
 17073 | D:11     | Killed an oklob plant
 17172 | D:11     | Killed an oklob plant
 17173 | D:11     | Gained mutation: A meltable icy envelope protects you from
                  | harm. (AC +8) [demonic ancestry]
 17173 | D:11     | Reached XP level 12. HP: 100/100 MP: 15/15
 17336 | D:11     | Reached skill level 5 in Invocations
 17593 | D:11     | Reached ****** piety under Okawaru
 17791 | D:11     | Received a gift from Okawaru
 17905 | D:12     | Noticed a boulder beetle
 17955 | D:12     | Killed a boulder beetle
 18291 | D:12     | Noticed a two-headed ogre
 18312 | D:12     | Killed a two-headed ogre
 18708 | D:12     | Noticed Frances
 18715 | D:12     | Noticed a boulder beetle
 18716 | D:12     | Noticed a two-headed ogre
 18730 | D:12     | Killed Frances
 18731 | D:12     | Reached skill level 12 in Fighting
 18734 | D:12     | Killed a two-headed ogre
 18766 | D:12     | Killed a boulder beetle
 18994 | D:12     | Noticed a centaur warrior
 19022 | D:12     | Killed a centaur warrior
 19077 | D:12     | Noticed a two-headed ogre
 19100 | D:12     | Killed a two-headed ogre
 19101 | D:12     | Reached skill level 5 in Armour
 19542 | D:12     | Found Enatod's Armour Shoppe.
 19542 | D:12     | Found a staircase to the Orcish Mines.
 19548 | D:12     | Bought the +1 chain mail of Vierriu {rF+} for 399 gold
                  | pieces
 19706 | D:13     | Noticed a tengu warrior
 19761 | D:12     | Killed a tengu warrior
 19926 | D:13     | Gained mutation: You have large cloven feet. [demonic
                  | ancestry]
 19926 | D:13     | Reached XP level 13. HP: 40/109 MP: 14/19
 20298 | D:13     | Received a gift from Okawaru
 20521 | D:12     | Reached skill level 5 in Dodging
 22309 | D:14     | Reached skill level 13 in Fighting
 23195 | D:14     | Found a gate to the Vaults.
 23667 | D:14     | Received a gift from Okawaru
 23865 | D:15     | Entered Level 15 of the Dungeon
 24588 | D:15     | Gained mutation: You have hoof-like feet. [demonic
                  | ancestry]
 24588 | D:15     | Reached XP level 14. HP: 91/119 MP: 15/20
 25454 | D:15     | Reached skill level 14 in Fighting
 25535 | D:15     | Found a staircase to the Depths.
 25922 | Lair:1   | Entered Level 1 of the Lair of Beasts
 26383 | Lair:1   | Identified Sif Muna's Grimoire of Flight and Ignition
 26389 | Lair:1   | Learned a level 3 spell: Swiftness
 26418 | Lair:1   | Received a gift from Okawaru
 27208 | Lair:2   | Found a staircase to the Swamp.
 28254 | Lair:3   | Noticed Gastronok
 28308 | Lair:3   | Killed Gastronok
 28327 | Lair:3   | Identified the +3 long sword of the Warrior-Mage
                  | {antimagic, rN+ Will+} (Okawaru gifted it to you on level 3
                  | of the Lair of Beasts)
 28327 | Lair:3   | Received a gift from Okawaru
 28624 | Lair:3   | Found a hole to the Spider Nest.
 28653 | Lair:3   | Reached skill level 10 in Armour
 29239 | Lair:4   | Found a frozen archway.
 29262 | IceCv    | Entered an ice cave
 29327 | IceCv    | Reached XP level 15. HP: 126/127 MP: 21/21
 29436 | IceCv    | Reached skill level 15 in Fighting
 29618 | IceCv    | Identified the +1 short sword of Irritation {freeze, rF-
                  | rCorr Int+8 Dex+5} (Okawaru gifted it to you in an ice
                  | cave)
 29618 | IceCv    | Received a gift from Okawaru
 29633 | IceCv    | Reached skill level 10 in Dodging
 29696 | IceCv    | Noticed a frost giant
 29721 | IceCv    | Killed a frost giant
 29759 | IceCv    | Identified the +9 shortbow of Lies {flame, Contam +Blink
                  | rF+ Dex+7}
 30244 | Lair:4   | Identified 2 scrolls of acquirement
 30816 | D:11     | You paid a toll of 2 scrolls of acquirement to enter a
                  | treasure trove
 30817 | Trove    | Entered a treasure trove
 30824 | Trove    | Identified the +1 plate armour of Marbles {rPois Regen+
                  | Dex-4}
 30825 | Trove    | Identified the ring "Boffiami" {rPois rF+ AC+4 Str+2
                  | Stlth-}
 30829 | Trove    | Identified the amulet of Sophism {Faith Dex+3}
 30834 | Trove    | Identified the ring "Supusk" {Int+6 Stlth+}
 30842 | Trove    | Identified the +1 plate armour of Makhleb's Inspiration
                  | {rN+ Str+6}
 30847 | Trove    | Identified the ring of Egoezux {rPois rC+ rCorr Str+6
                  | Dex-2}
 31122 | Lair:5   | Found a staircase to the Slime Pits.
 31123 | Lair:5   | Found a viscous altar of Jiyva.
 31920 | Lair:6   | Entered Level 6 of the Lair of Beasts
 31925 | Lair:6   | Identified the +8 chain mail of Hedging {Str+5} (Okawaru
                  | gifted it to you on level 6 of the Lair of Beasts)
 31925 | Lair:6   | Received a gift from Okawaru
 32217 | Lair:6   | Reached skill level 15 in Long Blades
 32516 | Lair:6   | Reached skill level 16 in Fighting
 32544 | Lair:6   | Identified the +9 chain mail of Okawaru's Hope {Rampage
                  | Will- rCorr Str+4} (Okawaru gifted it to you on level 6 of
                  | the Lair of Beasts)
 32544 | Lair:6   | Received a gift from Okawaru
 32565 | Lair:6   | Identified the +7 mace of Xupson {vorpal, Will- Int+6
                  | Dex+8}
 32632 | Lair:6   | Reached XP level 16. HP: 138/138 MP: 22/22
 32750 | Lair:6   | Identified Forph's Tome of Gliding Flames
 33402 | Lair:6   | Acquired the +0 cloak of Feasting {rC+ Str+2}
 33598 | Orc:1    | Entered Level 1 of the Orcish Mines
 33797 | Orc:2    | Entered Level 2 of the Orcish Mines
 33805 | Orc:2    | Noticed Azrael
 33831 | Orc:2    | Killed Azrael
 33979 | Orc:2    | Found a staircase to the Elven Halls.
 34115 | Orc:2    | Noticed Saint Roka
 34118 | Orc:2    | Noticed Nessos
 34425 | Orc:1    | Received a gift from Okawaru
 34799 | Orc:2    | Killed Nessos
 34892 | Orc:2    | Killed Saint Roka
 34938 | Orc:2    | Found Doaqogei's Antique Armour Emporium.
 34942 | Orc:2    | Found Xuyneupn's Antique Weapon Shoppe.
 35034 | Orc:2    | Found Wuiskus's Book Emporium.
 35059 | Orc:2    | Bought a book of Minor Magic for 280 gold pieces
 35062 | Orc:2    | Learned a level 2 spell: Blink
 35174 | Orc:2    | Found Hompueh's Book Shoppe.
 35502 | Spider:1 | Entered Level 1 of the Spider Nest
 35740 | Spider:1 | Noticed Jorgrun
 35765 | Spider:2 | Reached skill level 17 in Fighting
 35813 | Spider:1 | Killed Jorgrun
 35813 | Spider:1 | Received a gift from Okawaru
 36210 | Spider:1 | Gained mutation: A meltable icy envelope protects you from
                  | harm. (AC +8) [demonic ancestry]
 36210 | Spider:1 | Reached XP level 17. HP: 124/147 MP: 23/23
 36746 | Spider:2 | Identified the +1 flail of Havoc {drain, Dex+6 Stlth-}
 36955 | Spider:2 | Acquired 1171 gold pieces
 37152 | Spider:3 | Identified the +7 plate armour of the Abyss {rF+ rN+ Int+4}
 37216 | Spider:3 | Reached skill level 1 in Translocations
 37259 | Spider:3 | Reached skill level 1 in Spellcasting
 37749 | Spider:4 | Entered Level 4 of the Spider Nest
 37780 | Spider:4 | Received a gift from Okawaru
 38096 | Spider:4 | Received a gift from Okawaru
 38110 | Spider:4 | Reached skill level 5 in Translocations
 38195 | Spider:4 | Got a gossamer rune of Zot
 38237 | Spider:4 | Identified the +8 falchion "Ruylul" {flame, +Blink rElec
                  | rPois Stlth-}
 38488 | Spider:4 | Received a gift from Okawaru
 38756 | Swamp:1  | Entered Level 1 of the Swamp
 38785 | Swamp:1  | Paralysed by a fenstrider witch for 3 turns
 38843 | Swamp:1  | Reached skill level 18 in Fighting
 38966 | Lair:2   | Reached skill level 5 in Spellcasting
 39006 | Swamp:1  | Gained mutation: You have hooves in place of feet. [demonic
                  | ancestry]
 39006 | Swamp:1  | Reached XP level 18. HP: 124/157 MP: 21/25
 39707 | Swamp:2  | Found a runed translucent gate.
 39709 | Swamp:2  | Found a runed translucent gate.
 39711 | Swamp:2  | Found a runed translucent gate.
 39896 | Swamp:2  | Noticed Esebbu's ghost (adept DsAK)
 39931 | Swamp:2  | Killed Esebbu's ghost
 39942 | Swamp:2  | Received a gift from Okawaru
 40366 | Swamp:2  | Reached skill level 1 in Air Magic
 40865 | Swamp:4  | Entered Level 4 of the Swamp
 41123 | Swamp:4  | Reached skill level 5 in Air Magic
 41137 | Swamp:4  | Received a gift from Okawaru
 41254 | Swamp:4  | Got a decaying rune of Zot
 41374 | Swamp:4  | Reached XP level 19. HP: 132/165 MP: 24/30
 41486 | Swamp:4  | Noticed Bai Suzhen
 41519 | Swamp:4  | Killed Bai Suzhen
 42003 | Orc:2    | Bought a Necronomicon for 1545 gold pieces
 42003 | Orc:2    | Bought a book of the Sky for 910 gold pieces
 42009 | Orc:2    | Learned a level 5 spell: Silence
 42107 | Vaults:1 | Entered Level 1 of the Vaults
 42124 | Vaults:1 | Reached skill level 1 in Hexes
 42198 | Vaults:1 | Received a gift from Okawaru
 42320 | Vaults:1 | Found Daetsox's Antique Weapon Emporium.
 42416 | Vaults:1 | Reached skill level 19 in Fighting
 42468 | Vaults:1 | Identified the +1 helmet "Muhumaeg" {Fly rPois rC- Int+5}
                  | (Okawaru gifted it to you on level 1 of the Vaults)
 42468 | Vaults:1 | Received a gift from Okawaru
 43247 | Vaults:2 | Reached skill level 5 in Hexes
 43567 | Vaults:2 | Identified the +0 helmet "Feinkaq" {rElec Int+3}
 43940 | Vaults:2 | Paralysed by a sphinx for 7 turns
 43951 | Vaults:2 | Paralysed by a sphinx for 6 turns
 44305 | Vaults:2 | Found a staircase to the Crypt.
 44574 | Vaults:3 | Received a gift from Okawaru
 44849 | Vaults:3 | Gained mutation: You are surrounded by a moderate repulsion
                  | field. (EV +3) [demonic ancestry]
 44849 | Vaults:3 | Reached XP level 20. HP: 155/174 MP: 28/33
 45741 | Vaults:4 | Received a gift from Okawaru
 46081 | Vaults:4 | Reached skill level 10 in Air Magic
 46403 | Vaults:4 | Received a gift from Okawaru
 46876 | Depths:1 | Entered Level 1 of the Depths
 46890 | D:15     | Reached skill level 10 in Spellcasting
 46902 | D:15     | Learned a level 8 spell: Borgnjor's Revivification
 46912 | D:15     | Learned a level 9 spell: Death's Door
 47442 | Depths:1 | Reached skill level 10 in Hexes
 47469 | Depths:1 | Received a gift from Okawaru
 47598 | Depths:1 | Found a one-way gate leading to the halls of Pandemonium.
 47614 | Depths:1 | Gained mutation: When low on magic, you restore magic in
                  | place of health. [demonic ancestry]
 47614 | Depths:1 | Reached XP level 21. HP: 54/182 MP: 11/35
 47974 | Depths:1 | Found a gateway to Hell.
 47990 | Depths:1 | Found a one-way gate to the infinite horrors of the Abyss.
 48035 | Depths:1 | Noticed Asterion
 48055 | Depths:1 | Killed Asterion
 48224 | Depths:1 | Found Xyid Xun's Jewellery Shop.
 48224 | Depths:1 | Found Badexkon's Book Emporium.
 48225 | Depths:1 | Found Nohob's Jewellery Shop.
 48233 | Depths:1 | Bought a book of Spatial Translocations for 910 gold pieces
 48242 | Depths:1 | Learned a level 5 spell: Manifold Assault
 48514 | Depths:2 | Found a gateway to a ziggurat.
 48613 | Depths:2 | Found a magical portal.
 48617 | Depths:2 | You fall into a shaft and drop 1 floor!
 48629 | Depths:3 | Noticed Aizul
 48640 | Depths:3 | Killed Aizul
 48682 | Depths:3 | Identified the +3 kite shield "Kytyexty" {rPois Int+4
                  | Slay+2} (Okawaru gifted it to you on level 3 of the Depths)
 48682 | Depths:3 | Received a gift from Okawaru
 48805 | WizLab   | Entered The Roulette of Golubria
 48805 | WizLab   | Found a transporter.
 48808 | WizLab   | Found a corrupted altar of Lugonu.
 48835 | WizLab   | Found a corrupted altar of Lugonu.
 48837 | WizLab   | Found a transporter.
 48889 | WizLab   | Found a transporter.
 48916 | WizLab   | Found a transporter.
 48940 | WizLab   | Found a transporter.
 48967 | WizLab   | Found a transporter.
 48967 | WizLab   | Found a transporter.
 49014 | WizLab   | Found a transporter.
 49025 | WizLab   | Found a corrupted altar of Lugonu.
 49081 | WizLab   | Found a transporter.
 49295 | WizLab   | Found a transporter.
 49381 | WizLab   | Found a transporter.
 49449 | WizLab   | Found a transporter.
 49449 | WizLab   | Found a transporter.
 49518 | WizLab   | Found a transporter.
 49518 | WizLab   | Found a transporter.
 49557 | WizLab   | Identified Kidoklut's Tome of Displacement
 49565 | WizLab   | Found a transporter.
 49575 | WizLab   | Reached skill level 20 in Fighting
 49597 | WizLab   | Identified the +2 cloak of Dotoischi {Dex+2}
 49604 | WizLab   | Identified the +2 cloak of Okle Xupei {Will+ Str-5 Int+2
                  | SInv}
 49618 | WizLab   | Learned a level 3 spell: Lesser Beckoning
 49622 | WizLab   | Learned a level 3 spell: Teleport Other
 49636 | WizLab   | Cast into level 2 of the Abyss (a wizard)
 49838 | Abyss:2  | Reached skill level 5 in Shields
 49994 | WizLab   | Escaped the Abyss
 50084 | WizLab   | Found a transporter.
 50084 | WizLab   | Found a transporter.
 50165 | WizLab   | Found a transporter.
 50165 | WizLab   | Found a transporter.
 50658 | Depths:2 | Found a radiant altar of Vehumet.
 50674 | Depths:2 | Received a gift from Okawaru
 50824 | Depths:2 | Gained mutation: Your magical and physical power is
                  | slightly enhanced at high health. [demonic ancestry]
 50824 | Depths:2 | Reached XP level 22. HP: 188/190 MP: 37/37
 50945 | Depths:2 | Noticed a golden dragon
 50961 | Depths:2 | Paralysed by a vampire knight for 3 turns
 51113 | Depths:2 | Killed a golden dragon
 51248 | Depths:2 | Identified the +2 plate armour of the Game Afoot {rPois
                  | Int+4}
 51585 | Depths:3 | Paralysed by a floating eye for 3 turns
 51648 | Depths:3 | Found a blossoming altar of Fedhas.
 51671 | Depths:3 | Received a gift from Okawaru
 51871 | Depths:3 | Paralysed by a floating eye for 2 turns
 51911 | Depths:3 | Reached skill level 10 in Shields
 52155 | Depths:3 | Received a gift from Okawaru
 52240 | Depths:3 | Noticed a juggernaut
 52253 | Depths:3 | Killed a juggernaut
 52264 | Depths:3 | Identified the +10 flail of Ancient Evil {vorpal, rF++
                  | Str+2}
 52286 | Depths:3 | Reached skill level 21 in Fighting
 52468 | Depths:3 | Identified the +5 chain mail "Zef Rei" {Str+3}
 52735 | Depths:4 | Noticed a golden dragon
 52744 | Depths:4 | Killed a golden dragon
 52756 | Depths:4 | Gained mutation: You are surrounded by a strong repulsion
                  | field. (EV +4, RMsl) [demonic ancestry]
 52756 | Depths:4 | Reached XP level 23. HP: 146/200 MP: 32/39
 53004 | Depths:4 | Found Faptoxoi's Assorted Antiques.
 53004 | Depths:4 | Found Ifaschai's Distillery.
 53028 | Depths:4 | Bought a potion of haste for 280 gold pieces
 53028 | Depths:4 | Bought a scratched diamond ring for 140 gold pieces
 53242 | Depths:4 | Identified the +8 falchion of Calculation {vorpal, +Rage
                  | rCorr} (Okawaru gifted it to you on level 4 of the Depths)
 53242 | Depths:4 | Received a gift from Okawaru
 54104 | Depths:5 | Entered Level 5 of the Depths
 54104 | Depths:5 | Found Calaifu's Magic Scroll Emporium.
 54112 | Depths:5 | Noticed a juggernaut
 54267 | Depths:5 | Paralysed by a floating eye for 2 turns
 54287 | Depths:4 | Killed a juggernaut
 54475 | Depths:5 | Received a gift from Okawaru
 54541 | Depths:5 | Bought a scroll of enchant weapon for 112 gold pieces
 54541 | Depths:5 | Bought a scroll of enchant weapon for 112 gold pieces
 54541 | Depths:5 | Bought a scroll of magic mapping for 52 gold pieces
 54845 | Depths:5 | Acquired a book of Debilitation
 55219 | Depths:5 | Found a gate to the Realm of Zot.
 55771 | Crypt:1  | Entered Level 1 of the Crypt
 56151 | Crypt:1  | Received a gift from Okawaru
 56171 | Crypt:1  | Reached skill level 22 in Fighting
 56260 | Crypt:1  | Reached skill level 15 in Shields
 56447 | Crypt:1  | Identified the +3 halberd of the Postmodern Allies {spect,
                  | Will+ Int+4}
 56651 | Crypt:2  | Identified the Papyrus of the Oath
 56686 | Crypt:2  | Reached XP level 24. HP: 198/208 MP: 36/39
 57490 | Crypt:3  | Entered Level 3 of the Crypt
 57748 | Crypt:3  | Identified the +0 helmet of Bnni's Valiance {Will+ Int+5}
                  | (Okawaru gifted it to you on level 3 of the Crypt)
 57748 | Crypt:3  | Received a gift from Okawaru
 57953 | Crypt:3  | Reached skill level 23 in Fighting
 58108 | Crypt:3  | Noticed a royal mummy
 58109 | Crypt:3  | Noticed Khufu
 58131 | Crypt:3  | Killed Khufu
 58136 | Crypt:3  | Killed a royal mummy
 58261 | Crypt:3  | Identified Zaont's Reference Book on the Unstable Frostbite
 58374 | Crypt:3  | Noticed Boris
 58387 | Crypt:3  | Killed Boris
 58388 | Crypt:3  | Found an ancient bone altar of Kikubaaqudgha.
 58500 | Crypt:3  | Identified the +6 dagger of Arrival {freeze, rC+ Str+4}
 58503 | Crypt:3  | Identified the +1 helmet "Takly" {Will+ Str-3 SInv}
 58536 | Crypt:3  | Noticed a dread lich
 58543 | Crypt:3  | Killed a dread lich
 58726 | Crypt:3  | Found a staircase to the Tomb.
 58787 | Crypt:3  | Paralysed by a vampire knight for 3 turns
 59032 | Crypt:3  | Reached skill level 1 in Necromancy
 59130 | Crypt:3  | Identified the ring of Aleshu {rElec rN+ Will- Int+4}
 59130 | Crypt:3  | Identified the ring "Gash" {*Slow rN+ Will+ Str+7 Dex+3}
 59130 | Crypt:3  | Identified the ring of Hukops {rN+ Int+4}
 59132 | Crypt:3  | Identified Sif Muna's Compendium of Air and Orientation
 59267 | Crypt:3  | Received a gift from Okawaru
 59272 | Crypt:3  | Identified the +1 ring mail "Tawkus" {rN+}
 59554 | Elf:1    | Entered Level 1 of the Elven Halls
 59628 | Elf:1    | Reached skill level 24 in Fighting
 59647 | Elf:1    | Noticed Louise
 59666 | Elf:1    | Killed Louise
 59923 | Elf:1    | Gained mutation: Your body sometimes deteriorates upon
                  | taking damage. [a cacodemon]
 59995 | Elf:1    | Reached skill level 10 in Translocations
 60029 | Elf:1    | Found a runed translucent gate.
 60029 | Elf:1    | Found a runed translucent gate.
 60029 | Elf:1    | Found a runed translucent gate.
 60029 | Elf:1    | Found a runed translucent gate.
 60029 | Elf:1    | Found a runed translucent gate.
 60030 | Elf:1    | Found a runed translucent gate.
 60435 | Elf:1    | Found Hoaxacut's Jewellery Shop.
 60620 | Elf:2    | Received a gift from Okawaru
 60639 | Elf:2    | Identified the +3 ring mail of Moral Flaws {rPois rCorr
                  | Dex-4 Slay+3}
 60765 | Elf:2    | Found a huge runed translucent gate.
 60765 | Elf:2    | Found a huge runed translucent gate.
 60770 | Elf:2    | Found a huge runed translucent gate.
 60792 | Elf:2    | Found a huge runed translucent gate.
 60792 | Elf:2    | Found a huge runed translucent gate.
 60848 | Elf:2    | Reached skill level 5 in Necromancy
 60848 | Elf:2    | Gained mutation: Your magical and physical power is
                  | enhanced at high health. [demonic ancestry]
 60848 | Elf:2    | Reached XP level 25. HP: 190/224 MP: 38/39
 60962 | Elf:2    | Received a gift from Okawaru
 61508 | Elf:3    | Entered Level 3 of the Elven Halls
 61706 | Elf:3    | Found Peowauna's Distillery.
 61714 | Elf:3    | Bought a potion of curing for 36 gold pieces
 62056 | Elf:3    | Received a gift from Okawaru
 62102 | Elf:3    | Cast into level 2 of the Abyss (a deep elf demonologist)
 62110 | Abyss:2  | Identified the +9 spear of Profit {drain, *Corrode Int+7}
 62647 | Elf:3    | Escaped the Abyss
 62652 | Elf:3    | Reached skill level 10 in Necromancy
 62885 | Elf:3    | Identified the +5 bardiche of Perfectionism {elec, rElec
                  | rPois Int+4}
 62898 | Elf:3    | Identified the +5 falchion of Prudence {vorpal, Fragile
                  | rElec rN+++ Will-}
 62966 | Elf:3    | Identified the amulet "Ulascho" {Acrobat Fragile Regen+
                  | SInv}
 62977 | Elf:3    | Identified the +5 scale mail "Maptuyre" {rPois rF+ Will++
                  | rCorr}
 63048 | Elf:3    | Received a gift from Okawaru
 63056 | Elf:3    | Identified the +3 ring mail "Ozxeaz" {rElec Str+8 Int-4
                  | Dex-3}
 63059 | Elf:3    | Identified the +8 short sword "Dadaycla" {speed, rElec}
 63512 | Slime:1  | Entered Level 1 of the Pits of Slime
 63781 | Slime:1  | Gained mutation: Your body often deteriorates upon taking
                  | damage. [a shining eye]
 63782 | Slime:1  | Gained mutation: Potions are less effective at restoring
                  | your health. [a shining eye]
 63785 | Slime:1  | Gained mutation: You tend to lose your temper in combat. [a
                  | shining eye]
 63938 | Slime:3  | Gained mutation: Your magical capacity is low. (-10% MP) [a
                  | shining eye]
 63978 | Slime:4  | Reached skill level 25 in Fighting
 64001 | Slime:4  | Received a gift from Okawaru
 64010 | Slime:5  | Entered Level 5 of the Pits of Slime
 64078 | Slime:5  | Reached XP level 26. HP: 235/235 MP: 15/36
 64085 | Slime:4  | Gained mutation: You are clumsy. (Dex -2) [a shining eye]
 64087 | Slime:4  | Gained mutation: You are occasionally teleported next to
                  | monsters. [a shining eye]
 64216 | Slime:5  | Gained mutation: You are dopey. (Int -2) [a shining eye]
 64361 | Slime:5  | Found a viscous altar of Jiyva.
 64376 | Slime:5  | Found the +2 ratskin cloak {*Rats rPois rN+ Str-1 Int-1
                  | Dex+1}
 64449 | Slime:5  | Identified the +11 chain mail "Kiraeck" {+Blink Int+4}
                  | (Okawaru gifted it to you on level 5 of the Pits of Slime)
 64449 | Slime:5  | Received a gift from Okawaru
 64486 | Slime:5  | Noticed the Royal Jelly
 64500 | Slime:5  | Killed the Royal Jelly
 64685 | Slime:5  | Identified the ring "Kaedghyop" {rPois rC+ Will- EV+4 SInv}
 64689 | Slime:5  | Identified the +3 hunting sling of Fate {vorpal, Will+}
 64707 | Slime:5  | Got a slimy rune of Zot
 64733 | Slime:5  | Identified the +2 pair of gloves "Put-Me-On" {Dex+3}
 64768 | Slime:5  | Identified the ring "Viehayho" {rC+ Will+ Int+6}
 64775 | Slime:5  | Identified the +1 leather armour "Oxkota" {Int+5}
 65166 | Vaults:5 | Entered Level 5 of the Vaults
 65228 | Vaults:5 | Cast into level 2 of the Abyss (a deep elf sorcerer)
 65317 | Vaults:5 | Escaped the Abyss
 65446 | Vaults:4 | Lost mutation: Your body often deteriorates upon taking
                  | damage. [potion of mutation]
 65446 | Vaults:4 | Lost mutation: You tend to lose your temper in combat.
                  | [potion of mutation]
 65446 | Vaults:4 | Lost mutation: You are dopey. (Int -2) [potion of mutation]
 65446 | Vaults:4 | Gained mutation: You are frail. (-10% HP) [potion of
                  | mutation]
 65446 | Vaults:4 | Gained mutation: You have a pair of small horns on your
                  | head. [potion of mutation]
 65447 | Vaults:4 | Lost mutation: You have a pair of small horns on your head.
                  | [potion of mutation]
 65447 | Vaults:4 | Lost mutation: Your magical capacity is low. (-10% MP)
                  | [potion of mutation]
 65447 | Vaults:4 | Gained mutation: You are sometimes teleported next to
                  | monsters. [potion of mutation]
 65447 | Vaults:4 | Gained mutation: You expend magic power (3 MP) to
                  | strengthen your wands. [potion of mutation]
 65448 | Vaults:4 | Lost mutation: Your body sometimes deteriorates upon taking
                  | damage. [potion of mutation]
 65448 | Vaults:4 | Lost mutation: You expend magic power (3 MP) to strengthen
                  | your wands. [potion of mutation]
 65448 | Vaults:4 | Lost mutation: You are clumsy. (Dex -2) [potion of
                  | mutation]
 65448 | Vaults:4 | Gained mutation: Your system is resistant to poisons.
                  | (rPois) [potion of mutation]
 65448 | Vaults:4 | Gained mutation: You sometimes lose the ability to read
                  | scrolls when taking damage. [potion of mutation]
 65448 | Vaults:4 | Gained mutation: Your natural rate of healing is unusually
                  | fast. [potion of mutation]
 65448 | Vaults:4 | Lost mutation: You are frail. (-10% HP) [potion of
                  | mutation]
 65449 | Vaults:4 | Lost mutation: Your system is resistant to poisons. (rPois)
                  | [potion of mutation]
 65449 | Vaults:4 | Lost mutation: You sometimes lose the ability to read
                  | scrolls when taking damage. [potion of mutation]
 65449 | Vaults:4 | Gained mutation: You passively map a small area around you.
                  | [potion of mutation]
 65450 | Vaults:4 | Lost mutation: You are sometimes teleported next to
                  | monsters. [potion of mutation]
 65450 | Vaults:4 | Lost mutation: Potions are less effective at restoring your
                  | health. [potion of mutation]
 65450 | Vaults:4 | Lost mutation: Your natural rate of healing is unusually
                  | fast. [potion of mutation]
 65450 | Vaults:4 | Gained mutation: You sometimes lose the ability to read
                  | scrolls when taking damage. [potion of mutation]
 65463 | Vaults:5 | Identified the amulet of Mutualism {Reflect Slay+2 SH+5}
 65472 | Vaults:5 | Noticed a dread lich
 65476 | Vaults:5 | Noticed an ancient lich
 65503 | Vaults:5 | Reached skill level 15 in Necromancy
 65517 | Vaults:5 | Killed an ancient lich
 65517 | Vaults:5 | Received a gift from Okawaru
 65528 | Vaults:5 | Killed a dread lich
 65536 | Vaults:5 | Noticed Boris
 65558 | Vaults:5 | Killed Boris
 65632 | Vaults:5 | Received a gift from Okawaru
 65876 | Vaults:5 | Gained mutation: Your magical and physical power is greatly
                  | enhanced at high health. [demonic ancestry]
 65876 | Vaults:5 | Reached XP level 27. HP: 238/239 MP: 41/41
 66068 | Vaults:5 | Identified the +9 trident of Accidental Termination
                  | {vorpal, Str+4 Dex-4 Stlth+}
 66079 | Vaults:5 | Noticed a dread lich
 66090 | Vaults:5 | Killed a dread lich
 66100 | Vaults:5 | Reached skill level 26 in Fighting
 66123 | Vaults:5 | Noticed Frederick
 66132 | Vaults:5 | Killed Frederick
 66135 | Vaults:5 | Identified the +2 buckler of the End {-Cast rPois SInv}
                  | (Okawaru gifted it to you on level 5 of the Vaults)
 66135 | Vaults:5 | Received a gift from Okawaru
 66934 | Vaults:5 | Identified the Tome of Entrancing Feathers
 66973 | Vaults:5 | Identified the +5 hand axe "Ydit" {flame, Str+3}
 67036 | Vaults:5 | Identified the -2 pair of gloves "Ugep" {Will+ Dex+4}
 67145 | Vaults:5 | Got a silver rune of Zot
 67589 | Depths:4 | Voluntarily entered the Abyss.
 67590 | Abyss:1  | Found a sacrificial altar of Ru.
 67611 | Abyss:1  | Found a sacrificial altar of Ru.
 67866 | Abyss:3  | Learned a level 4 spell: Airstrike
 67870 | Abyss:3  | Learned a level 3 spell: Portal Projectile
 67918 | Abyss:3  | Gained mutation: Your body sometimes deteriorates upon
                  | taking damage. [a neqoxec]
 67988 | Abyss:3  | Gained mutation: Your body often deteriorates upon taking
                  | damage. [a neqoxec]
 68057 | Abyss:5  | Entered Level 5 of the Abyss
 68176 | Abyss:5  | Gained mutation: You tend to lose your temper in combat. [a
                  | neqoxec]
 68178 | Abyss:5  | Gained mutation: You are clumsy. (Dex -2) [a neqoxec]
 68197 | Abyss:5  | Found an opulent altar of Gozag.
 68213 | Abyss:5  | Found an opulent altar of Gozag.
 68222 | Abyss:5  | Found an opulent altar of Gozag.
 68398 | Abyss:5  | Found a corrupted altar of Lugonu.
 68549 | Abyss:5  | Reached skill level 15 in Spellcasting
 68580 | Abyss:5  | Identified the +7 long sword of Tenacity {vorpal, +Rage rC+
                  | Will- Str+4} (Okawaru gifted it to you on level 5 of the
                  | Abyss)
 68580 | Abyss:5  | Received a gift from Okawaru
 68735 | Abyss:5  | Found a transporter.
 68735 | Abyss:5  | Found a corrupted altar of Lugonu.
 68836 | Abyss:5  | Lost mutation: Your body often deteriorates upon taking
                  | damage. [a neqoxec]
 68911 | Abyss:5  | Gained mutation: Your magical capacity is low. (-10% MP) [a
                  | neqoxec]
 68926 | Abyss:5  | Found a transporter.
 68927 | Abyss:5  | Found a corrupted altar of Lugonu.
 68933 | Abyss:5  | Found a transporter.
 68979 | Abyss:5  | HP: 18/369 [poisoned by a redback (dark miasma)]
 68981 | Abyss:5  | HP: 5/369 [poisoned by a redback (dark miasma)]
 68982 | Abyss:5  | Succumbed to a redback's dark miasma

Illustrated notes

Levels and vault maps discovered:
D:1:      minmay_arrival_semitransparent, layout_basic, roderic_lattice_a
D:2:      layout_basic, hellmonk_ecumenical_altar_inner_sanctum,
          corner_web_ring, minmay_snake_closets
D:3:      layout_loops_ring
D:4:      layout_cave_pods, serial_column_ruins, column_ruins_circle_medium,
          column_ruins_hut_ruined, column_ruins_grid_1, column_ruins_grid_2,
          column_ruins_open_small, column_ruins_columns_dead_end,
          column_ruins_open_small, chequers_serial_rivers_micro_c,
          minmay_misc_feat_cross, uniq_sigmund
D:5:      minmay_chambers_of_threes, layout_rooms, amcnicky_altar_gilded,
          solitary_fountain, uniq_edmund, uniq_prince_ribbit1
D:6:      layout_basic, minitemple, uniq_duvessa
D:7:      layout_loops_ring, minmay_temple_entry_arrows, serial_shops,
          nicolae_shop_waterfront, minmay_misc_feat_diagonals,
          minmay_fractal_squares_gapless_5, uniq_crazy_yiuf_cottage, uniq_joseph
D:8:      layout_cave_pools, minmay_misc_feat_enclosed, st_stairs_1,
          minmay_between
D:9:      layout_cross, ebering_ghost_inner_flame, kennysheep_generic_room_7,
          uniq_grum, uniq_psyche
D:10:     layout_loops_ring, enter_bailey_2, grunt_ministairs_5
D:11:     layout_roguey, dpeg_oklobed_lair, trove_entry_hex_spiral
D:12:     layout_rooms, orc_david_3, uniq_frances
D:13:     layout_cave_pools
D:14:     layout_basic, david_vaults_5
D:15:     grunt_enter_depths_magical_seal, layout_loops_corners,
          serial_bayou_ford_a
Lair:1:   layout_chaotic_city, grunt_megastairs_3
Lair:2:   layout_gridlike, minmay_swamp_entry_worms
Lair:3:   layout_concentric_octagons, nicolae_spider_entry_non_spiders,
          grunt_megastairs_2, serial_bayou_shore_a, uniq_gastronok
Lair:4:   layout_hall_layers, portal_ice_cave_demonic_guard,
          grunt_forest_stairs_basic
Lair:5:   layout_concentric_octagons, slime_altar_1
Lair:6:   due_jungle_book, layout_loops_ring, infiniplex_staircase_pool,
          minmay_lair_oklob_chamber, grunt_megastairs_1
Swamp:1:  layout_basic_swamp, evilmike_swamp_ruin_house_6
Swamp:2:  layout_basic_swamp, gammafunk_ghost_necromancy,
          evilmike_swamp_ruin_house_2, nicolae_swamp_soggy_hallways,
          infiniplex_staircase_pool_2
Swamp:3:  layout_falls_marsh, evilmike_swamp_ruin_rubble_1
Swamp:4:  swamp_basic_johnstein, layout_basic_swamp, swamp_pool1,
          uniq_bai_suzhen
Spider:1: layout_spider_delve, nicolae_spider_circle_web,
          nicolae_spider_baby_got_redback, uniq_jorgrun
Spider:2: layout_spider_delve
Spider:3: layout_spider_delve
Spider:4: grunt_spider_rune_circles
Slime:1:  layout_caves, nicolae_slime_barrier
Slime:2:  layout_caves
Slime:3:  layout_caves
Slime:4:  layout_caves
Slime:5
Orc:1:    nicolae_orc_accident_2, layout_caves, mines5_lemuel
Orc:2:    grunt_orc_community_town_hall, layout_caves,
          grunt_orc_community_big_house_1, grunt_orc_community_big_house_1,
          grunt_orc_community_house_2, grunt_orc_community_house_1,
          grunt_orc_community_house_3, grunt_orc_community_house_1,
          grunt_orc_community_house_2, uniq_azrael, uniq_nessos
Elf:1:    layout_loops_cross, serial_shops, shop, evilmike_minifort,
          minmay_misc_feat_alley, chequers_hall_statues_y, grunt_ministairs_13,
          orc_legates, uniq_louise
Elf:2:    layout_geoelf_grid
Elf:3:    minmay_elf_hall_quartered_circle, layout_geoelf_octagon, serial_shops,
          shop, drop_trap, elf_orc_summit_meeting
Vaults:1: v_misc_22, vaults_dpeg_ring, ontoclasm_vaults_decontamination,
          v_pattern_3, v_alt_pattern_4, nicolae_vaults_yaktaur_gun_rack,
          nicolae_vaults_little_squares_2, ontoclasm_vaults_misaligned,
          nicolae_vaults_network_star, layout_vaults_big_room, serial_shops,
          shop
Vaults:2: nicolae_vaults_network_square, v_pattern_1, v_misc_27,
          ontoclasm_vaults_pinch, nicolae_vaults_shelves_hall,
          minmay_crypt_entry_simple_round, vaults_room_fours,
          layout_vaults_omnigrid
Vaults:3: nicolae_vaults_mini_display_case, v_misc_28, hangedman_vaults_hat,
          nicolae_vaults_diagonal_hallway_6, nicolae_vaults_specimen_jars,
          nicolae_vaults_big_angled_halls, ontoclasm_vaults_gallery, v_misc_12,
          layout_vaults_omnicross
Vaults:4: vaults_room_pool, v_misc_23, ontoclasm_vaults_twist,
          hangedman_vaults_nails, ontoclasm_vaults_fault, v_misc_25, v_misc_8,
          nicolae_vaults_diagonal_hallway_8, v_rooms_5, v_misc_24,
          hangedman_vaults_cutoff, vaults_dpeg_encased_lava, layout_vaults_ring
Vaults:5: uniq_frederick
Crypt:1:  layout_gridlike, grunt_crypt_arrival_guarded_gate, grunt_megastairs_5
Crypt:2:  layout_basic
Crypt:3:  quadcrypt_mu, uniq_khufu, uniq_boris
Depths:1: layout_roguey, abyss_entry, hangedman_coc_ice_floe, pan_entry,
          minmay_the_grid_square_5x5_3x3_mashed
          [minmay_the_grid_square_5x5_eight_small,
          minmay_the_grid_square_5x5_minibox,
          minmay_the_grid_square_5x5_inner_v, minmay_the_grid_square_5x5_inset,
          minmay_the_grid_square_5x5_megaprize_hollow,
          minmay_the_grid_square_5x5_shrine2,
          minmay_the_grid_square_5x5_percent,
          minmay_the_grid_square_5x5_dogpile, minmay_the_grid_square_5x5_seven],
          minmay_shop_grove, serial_bayou_shore_b, kennysheep_random_hallway,
          uniq_asterion
Depths:2: minmay_tearing_corner, layout_honeycomb, enter_ziggurat_a, hell_entry,
          dk_noncrumbling_4, pan_entry, lightli_enter_wizlab_magi_temple,
          abyss_entry_crystal, grunt_ministairs_3, st_stairs_2,
          vehumet_altar_wand_db
Depths:3: minmay_nine_rooms, layout_small_grid, pf_vacation_house_of_asmodeus,
          rand_demon_pan_entry_3, fedhas_altar_1, infiniplex_staircase_squiggle,
          uniq_aizul
Depths:4: hangedman_arrow_trap, layout_honeycomb, hellmouth_1,
          grunt_decor_one_mirror, abyss_entry, pan_entry,
          minmay_staircase_statues_hall_small, minmay_shoptagon
Depths:5: grunt_zot_entry_gee_three, layout_cave_pools,
          hangedman_tar_grid_catacomb, serial_shops, shop,
          chequers_serial_rivers_marsh, rand_demon_pan_entry_8,
          serial_bayou_shore_b
Abyss:5:  base: Elf:3, evilmike_abyss_rune_tso_outpost,
          evilmike_abyss_rune_ettins, evilmike_abyss_exit_chaos,
          evilmike_nicolae_abyss_rune_containment_curve,
          evilmike_abyss_exit_chaos, nicolae_abyss_rune_star_stuff,
          abyss_exit_lava, hangedman_abyss_stitches_cave,
          dshaligram_kb_abyss_rune_zappy_water_cross,
          gammafunk_corrupted_shrine, hangedman_summoners_spam,
          hangedman_abyss_rune_macabre_mess, gammafunk_corrupted_shrine,
          hangedman_summoners_spam

Skill      XL: |  1  2  3  4  5  6  7  8  9 10 11 12 13 14 15 16 17 18 19 20 21 22 23 24 25 26 27 |
---------------+----------------------------------------------------------------------------------+-----
Long Blades    | 2 3 4 5 7 9 10 12 13 14 15 16 | 16.0
Fighting       | 4 5 6 7 8 10 11 12 13 14 16 17 18 19 20 21 22 24 25 26 | 26.5
Shields        | 4 7 12 15 | 15.0
Invocations    | 4 8 |  8.0
Armour         | 5 8 10 11 12 | 12.0
Dodging        | 4 7 9 10 11 12 | 12.0
Translocations | 6 8 10 12 | 12.0
Spellcasting   | 5 7 9 10 11 12 13 14 15 | 15.6
Air Magic      | 5 9 11 12 | 12.0
Hexes          | 7 10 12 | 12.0
Necromancy     | 5 11 16 19 | 19.6

Action                   |  1- 3 |  4- 6 |  7- 9 | 10-12 | 13-15 | 16-18 | 19-21 | 22-24 | 25-27 || total
-------------------------+-------+-------+-------+-------+-------+-------+-------+-------+-------++-------
Melee: Long sword        |   157 |   199 |       |       |     4 |       |       |       |       ||   360
       Rapier            |       |       |   308 |    13 |    34 |       |       |       |       ||   355
       Falchion          |       |       |       |  1112 |   468 |    92 |    10 |       |       ||  1682
       Kick              |       |       |       |       |   735 |   703 |   821 |   896 |   780 ||  3935
       Scimitar          |       |       |       |       |   799 |       |       |       |       ||   799
       Double sword      |       |       |       |       |   325 |  1451 |  1464 |  1608 |  1851 ||  6699
Throw: Dart              |       |       |    13 |   160 |       |    69 |       |       |     1 ||   243
       Throwing net      |       |       |     1 |       |       |     1 |       |       |       ||     2
 Cast: Lesser Beckoning  |       |       |       |       |       |       |       |     2 |    11 ||    13
       Blink             |       |       |       |       |       |       |       |     2 |     4 ||     6
       Silence           |       |       |       |       |       |       |       |     7 |     7 ||    14
       Manifold Assault  |       |       |       |       |       |       |       |       |   121 ||   121
       Teleport Other    |       |       |       |       |       |       |       |       |     7 ||     7
       Swiftness         |       |       |       |       |       |       |       |       |     2 ||     2
       Airstrike         |       |       |       |       |       |       |       |       |     1 ||     1
Invok: Heroism           |       |       |     1 |     6 |     2 |     9 |    12 |     3 |     8 ||    41
       Finesse           |       |       |       |     1 |       |     4 |     1 |       |     3 ||     9
Evoke: Wand              |       |       |       |    16 |     1 |     1 |       |     1 |     2 ||    21
       Lightning rod     |       |       |       |       |     3 |       |       |       |       ||     3
       Piece from Xom's  |       |       |       |       |       |       |     2 |       |       ||     2
  Use: Potion            |       |     1 |     4 |     1 |       |     3 |     3 |     5 |    18 ||    35
       Scroll            |       |       |    10 |     8 |    16 |     6 |     3 |     6 |     5 ||    54
 Stab: Invisible         |       |       |       |     2 |       |       |       |       |    10 ||    12
       Held in net/web   |       |       |       |       |       |     1 |       |       |       ||     1
       Distracted        |       |       |       |       |       |       |     1 |     2 |     1 ||     4
       Paralysed         |       |       |       |       |       |       |       |       |     1 ||     1
Armor: Scale mail        |    75 |    83 |    36 |       |       |       |       |       |       ||   194
       Plate armour      |       |       |    92 |   366 |       |   643 |   761 |   601 |   443 ||  2906
       Skin              |       |       |       |     7 |       |       |       |       |       ||     7
       Chain mail        |       |       |       |    57 |   133 |       |       |       |       ||   190
       Crystal plate arm |       |       |       |       |   585 |   526 |       |       |       ||  1111
Dodge: Dodged            |    89 |    88 |    96 |   381 |   584 |  1027 |   770 |   594 |   630 ||  4259
       Repelled          |       |       |       |       |       |       |       |    12 |    23 ||    35
Block: Other             |    22 |    47 |    42 |     4 |       |       |       |       |       ||   115
       Buckler           |       |       |       |   382 |   516 |   786 |   413 |       |       ||  2097
       Kite shield       |       |       |       |       |       |       |   278 |  1337 |  1283 ||  2898
       Rpst.: Long sword |    31 |    25 |       |       |       |       |       |       |       ||    56
       Falchion          |       |       |       |    87 |    32 |    17 |     2 |       |       ||   138
       Scimitar          |       |       |       |       |    86 |       |       |       |       ||    86
       Double sword      |       |       |       |       |    35 |   150 |   136 |   107 |   128 ||   556

Table legend: (Time is in decaauts)
 A = Elapsed time spent in this place.
 B = Non-inter-level travel time spent in this place.
 C = Inter-level travel time spent in this place.
 D = Time resting spent in this place.
 E = Time spent auto-exploring this place.
 F = Levels seen in this place.
 G = Mean time per level.
                   A        B        C        D        E       F      G
               +--------+--------+--------+--------+--------+-----+--------+
         Total |  66808 |  61466 |   5342 |   9531 |  33857 |  65 | 1027.8 |
       Dungeon |  25009 |  23483 |   1526 |   6142 |  13775 |  15 | 1667.3 |
          Lair |   7172 |   5932 |   1240 |    221 |   4336 |   6 | 1195.3 |
         Swamp |   3120 |   2888 |    232 |      6 |   1992 |   4 |  780.0 |
   Spider Nest |   2898 |   2797 |    101 |    109 |   1655 |   4 |  724.5 |
    Slime Pits |   1034 |    981 |     53 |    179 |     31 |   5 |  206.8 |
  Orcish Mines |   1892 |   1629 |    263 |     67 |    975 |   2 |  946.0 |
   Elven Halls |   3070 |   2944 |    126 |    297 |   1311 |   3 | 1023.3 |
        Vaults |   6712 |   5840 |    872 |    253 |   3980 |   5 | 1342.4 |
         Crypt |   3457 |   3355 |    102 |    391 |   1654 |   3 | 1152.3 |
        Depths |   7018 |   6194 |    824 |    740 |   3129 |   5 | 1403.6 |
         Abyss |   2208 |   2208 |      0 |    145 |    228 |   9 |  245.3 |
         Trove |     56 |     56 |      0 |      0 |      0 |   1 |   56.0 |
        Bailey |   1331 |   1331 |      0 |    914 |     21 |   1 | 1331.0 |
      Ice Cave |    763 |    763 |      0 |      0 |    337 |   1 |  763.0 |
        Wizlab |   1060 |   1060 |      0 |     63 |    430 |   1 | 1060.0 |
               +--------+--------+--------+--------+--------+-----+--------+

Top non-repeatable levels by time:
    D:14: 2446 daAuts
    D:15: 2230 daAuts
     D:7: 2115 daAuts
    D:12: 1938 daAuts
    D:11: 1833 daAuts
     D:1: 1797 daAuts
 Crypt:3: 1751 daAuts
     D:9: 1699 daAuts
     D:8: 1696 daAuts
Depths:4: 1666 daAuts
Vaults:5: 1637 daAuts
Depths:1: 1598 daAuts
     D:6: 1564 daAuts
  Lair:6: 1551 daAuts
  Lair:3: 1489 daAuts
